 Dungeon Crawl Stone Soup version 0.19.5 (webtiles) character file.

599 greprep the Sneak (level 7, 0/34 HPs)
             Began as a Spriggan Enchanter on May 9, 2017.
             Slain by Pikel
             ... wielding a +1 whip of freezing
              (11 damage)
             ... on level 5 of the Dungeon.
             The game lasted 00:10:31 (5147 turns).

greprep the Sneak (Spriggan Enchanter)              Turns: 5147, Time: 00:10:31

Health: 0/34       AC:  4    Str:  4    XL:     7   Next: 17%
Magic:  2/14       EV: 20    Int: 16    God:
Gold:   210        SH:  0    Dex: 19    Spells: 3 memorised, 8 levels left

rFire  . . .     SeeInvis +     a - +1 dagger
rCold  . . .     Gourm    .     b - +2 robe
rNeg   . . .     Faith    .     (shield restricted)
rPois  .         Spirit   .     (helmet restricted)
rElec  .         Reflect  .     (no cloak)
rCorr  .         Harm     .     (gloves unavailable)
MR     +....                    (boots unavailable)
Stlth  +++.......               (no amulet)
                                f - ring of wizardry
                                i - ring of loudness (curse)

@: very slightly contaminated, very quick
A: unfitting armour, see invisible, herbivore 3, speed 3, slow metabolism 2
a: no special abilities


You were on level 5 of the Dungeon.
You were not hungry.

You visited 1 branch of the dungeon, and saw 5 of its levels.

You collected 210 gold pieces.

Inventory:

Hand Weapons
 a - a +1 dagger (weapon)
Armour
 b - a +2 robe (worn)
Jewellery
 f - a ring of wizardry (right hand)
 i - a cursed ring of loudness (left hand)
 o - an uncursed ring of positive energy {unknown}
Wands
 q - a wand of flame (33/48)
Scrolls
 e - 4 scrolls of identify
 g - 5 scrolls of teleportation
Potions
 h - 2 potions of curing
 j - a potion of heal wounds {unknown}
 k - 2 potions of invisibility {unknown}
 m - a potion of degeneration {unknown}
 n - a potion of lignification {unknown}
Books
 c - a book of Maledictions

   Spells                             Type                      Level
   a - Corona                         Hexes                        1
   b - Ensorcelled Hibernation        Hexes/Ice                    2
   c - Confuse                        Hexes                        3
   d - Tukima's Dance                 Hexes                        3
   e - Dazzling Spray                 Conjuration/Hexes            3
 l - a book of Beasts

   Spells                             Type                      Level
   a - Summon Butterflies             Summoning                    1
   b - Call Canine Familiar           Summoning                    3
   c - Summon Ice Beast               Ice/Summoning                4
   d - Summon Mana Viper              Hexes/Summoning              5
   e - Summon Hydra                   Summoning                    7
Comestibles
 d - 7 bread rations
 p - 2 fruits
 r - a royal jelly


   Skills:
 * Level 1.7 Fighting
 * Level 3.0 Short Blades
 * Level 1.6 Armour
 + Level 4.3 Dodging
 * Level 7.9 Stealth
 + Level 4.1 Spellcasting
 + Level 4.4 Hexes
 + Level 1.3 Ice Magic


You had 8 spell levels left.
You knew the following spells:

 Your Spells              Type           Power        Failure   Level  Hunger
a - Corona                Hex            ###....      1%          1    None
b - Ensorcelled Hibernat  Hex/Ice        ##....       4%          2    ##.....
c - Confuse               Hex            ###.....     4%          3    ###....


Dungeon Overview and Level Annotations

Branches:
Dungeon (5/15)
 Temple: D:4-7

Altars:
Ru

Annotations:
D:5 Pikel


Innate Abilities, Weirdness & Mutations

You are very small and have problems with some larger weapons.
You are too small for most types of armour.
You have supernaturally acute eyesight. (SInv)
You are a herbivore.
You cover ground extremely quickly.
You need consume almost no food.


Message History

You miscast Ensorcelled Hibernation.
You are very lightly contaminated with residual magic.
You feel off-balance for a moment. Pikel hits you with a whip of freezing!
Pikel freezes you.
* * * LOW HITPOINT WARNING * * *
Casting: Ensorcelled Hibernation
Confirm with . or Enter, or press ? or * to list all spells.
Aiming: Ensorcelled Hibernation
Press: ? - help, Shift-Dir - straight line, f/p - Pikel
Aim: Pikel, wielding a whip of freezing and wearing a robe (chance to defeat MR: 43%) Pikel resists with some effort.
Pikel completely misses you.
Casting: Ensorcelled Hibernation
Confirm with . or Enter, or press ? or * to list all spells.
Aiming: Ensorcelled Hibernation
Press: ? - help, Shift-Dir - straight line, f/p - Pikel
Aim: Pikel, wielding a whip of freezing and wearing a robe (chance to defeat MR: 43%) Pikel resists with some effort.
Pikel hits you but does no damage.
There is an open door here.
Pikel hits you with a whip of freezing!
You die...

#######........#
#..#.......#...#
#..#.......#...#
#.####...####..#
#..#.......#...####
#..#...#...#.......
#..###'#'###†.#.###
##.K...#.....##.#
#@..#_#.#...##.#
#.p.### #..p##.#
#...#.#.#...##.#
#.....#$....##.#
#..###'#'###..#.#
#...#...#. #..#.###
#...#.......#.......
#..####...####.#.###
#.. ......#..#.#


You could see Pikel and a slave.

Vanquished Creatures
  Sigmund (D:3)
  Eustachio (D:5)
  A bullfrog (D:4)
  2 hounds
  An orc wizard (D:5)
  A worker ant (D:4)
  Robin (D:3)
  3 adders
  4 worms
  3 dart slugs
  2 leopard geckos
  5 orcs
  3 bats
  5 giant cockroaches
  18 goblins
  3 hobgoblins (D:1)
  9 jackals
  A kobold (D:1)
  A quokka (D:3)
  2 frilled lizards
  6 rats
73 creatures vanquished.

Vanquished Creatures (others)
  A rat (D:2)
1 creature vanquished.

Grand Total: 74 creatures vanquished

Notes
Turn   | Place    | Note
-------+----------+-------------------------------------------
     0 | D:1      | greprep the Spriggan Enchanter began the quest for the Orb.
     0 | D:1      | Reached XP level 1. HP: 9/9 MP: 5/5
   340 | D:1      | Reached XP level 2. HP: 11/13 MP: 6/6
   344 | D:1      | Learned a level 2 spell: Ensorcelled Hibernation
   944 | D:2      | Reached XP level 3. HP: 17/17 MP: 2/8
  1055 | D:2      | Reached skill level 5 in Stealth
  1456 | D:2      | Reached skill level 1 in Fighting
  2097 | D:3      | Reached XP level 4. HP: 22/22 MP: 9/9
  2114 | D:3      | Noticed Robin
  2402 | D:3      | Noticed Sigmund
  3207 | D:3      | Learned a level 3 spell: Confuse
  3275 | D:3      | Killed Sigmund
  3275 | D:3      | Reached skill level 1 in Armour
  3275 | D:3      | Reached skill level 7 in Stealth
  3275 | D:3      | Reached XP level 5. HP: 19/25 MP: 1/11
  3526 | D:3      | Killed Robin
  3642 | D:4      | Reached XP level 6. HP: 30/30 MP: 12/12
  4194 | D:4      | Reached skill level 1 in Ice Magic
  4478 | D:5      | Entered Level 5 of the Dungeon
  4809 | D:5      | Noticed Eustachio
  4815 | D:5      | Killed Eustachio
  4815 | D:5      | Reached XP level 7. HP: 34/34 MP: 2/14
  5109 | D:5      | Found a sacrificial altar of Ru.
  5128 | D:5      | Noticed Pikel
  5147 | D:5      | Slain by Pikel

Skill      XL: |  1  2  3  4  5  6  7 |
---------------+----------------------+-----
Stealth        | 5 7 |  7.9
Spellcasting   | 3 4 |  4.1
Fighting       | 1 |  1.7
Short Blades   | 2 3 |  3.0
Armour         | 1 |  1.6
Hexes          | 4 |  4.4
Dodging        | 4 |  4.3
Ice Magic      | 1 |  1.3

Action                   |  1- 3 |  4- 6 |  7- 9 || total
-------------------------+-------+-------+-------++-------
Melee: Dagger            |    99 |   131 |     9 ||   239
 Cast: Corona            |     5 |     3 |       ||     8
       Ensorcelled Hiber |    20 |    45 |    14 ||    79
       Confuse           |       |     2 |       ||     2
  Use: Scroll            |     4 |     2 |       ||     6
       Potion            |       |     1 |       ||     1
 Stab: Sleeping          |    21 |    24 |     4 ||    49
       Distracted        |     1 |       |       ||     1
       Confused          |       |     1 |       ||     1
  Eat: Bread ration      |       |     1 |       ||     1
       Pizza             |       |     1 |       ||     1
Armor: Robe              |    10 |    12 |     1 ||    23
Dodge: Dodged            |    70 |   126 |     8 ||   204
